 Dungeon Crawl Stone Soup version 0.29.0-5-ge4962eb29e (webtiles) character file.

Game seed: 1784448600133596771

46 sentinel the Digger (level 4, 0/33 HPs)
             Began as a Meteoran Earth Elementalist on Aug 28, 2022.
             Slain by an ufetubus (2 damage)
             ... on level 4 of the Dungeon.
             The game lasted 00:02:28 (319 turns).

sentinel the Digger (Meteoran Earth Elementalist)    Turns: 319, Time: 00:02:28

Health: 0/33       AC:  2    Str: 10    XL:     4   Next: 13%
Magic:  3/9        EV: 12    Int: 18    God:
Gold:   0          SH:  0    Dex: 14    Spells: 2/8 levels left

rFire   . . .      SeeInvis .   (no weapon)
rCold   . . .      Faith    .   (no shield)
rNeg    . . .      Spirit   .   a - +0 robe
rPois   .          Reflect  .   (no helmet)
rElec   .          Harm     .   (no cloak)
rCorr   .          Rampage  .   (no gloves)
Will    .....                   (no boots)
Stlth   +.........              (no amulet)
HPRegen 0.11/turn               (no ring)
MPRegen 0.11/turn               (no ring)

@: very slightly contaminated, glowing
A: sense surroundings 1, otherworldly, glowing, explore regen
a: no special abilities


You were on level 4 of the Dungeon.
You visited 1 branch of the dungeon, and saw 4 of its levels.

Inventory:

Armour
 a - a +0 robe (worn)
Jewellery
 b - a ring of ice
Scrolls
 c - 3 scrolls of identify {unknown}
 f - a scroll of magic mapping {unknown}
Potions
 d - a potion of mutation {unknown}
 e - a potion of curing {unknown}
 g - a potion of flight {unknown}


   Skills:
 - Level 2.4 Dodging
 - Level 1.4 Stealth
 - Level 2.6 Spellcasting
 * Level 1.9 Conjurations
 - Level 1.2 Transmutations
 + Level 5.0 Earth Magic


You had 2 spell levels left.
You knew the following spells:

 Your Spells              Type           Power      Damage    Failure   Level
a - Sandblast             Erth           40%        2d10      2%          1
b - Stone Arrow           Conj/Erth      30%        3d8       12%         3
c - Passwall              Tmut/Erth      10%        N/A       7%          2

Your spell library contained the following spells:

 Spells                   Type           Power      Damage    Failure   Level
 Petrify                  Tmut/Erth      13%        N/A       43%         4


Dungeon Overview and Level Annotations

Branches:
Dungeon (4/15) Zot: 2064
 Temple: D:4-7

Altars:
Xom

Shops:
D:2 *


Innate Abilities, Weirdness & Mutations

You passively map a small area around you.
You are easily found by Zot.
You glow in the dark.
You regain HP and MP as you explore.


Message History

You can't see any susceptible monsters within range! (Use Z to cast anyway.)
You can't see any susceptible monsters within range! (Use Z to cast anyway.) Magic restored.
Found a pink potion.
A kobold comes into view. It is wielding a +0 whip.
The kobold shouts!
A ball python comes into view.
Found a glowing sapphire potion and a ring mail.
The ball python hisses angrily.
Found a stone staircase leading down.
The kobold hits you but does no damage.
You see here a pink potion.
The blast of sand hits the kobold!
You kill the kobold!
The ball python bites you. The ball python grabs you.
The ball python constricts you.
The blast of sand hits the ball python!
You kill the ball python!
You can't see any susceptible monsters within range! (Use Z to cast anyway.)
d - a pink potion You hear the slow rusting of a very distant drain.
Things that are here:
a +0 whip; a stone; a kobold corpse
Found a short sword.
e - a glowing sapphire potion A dart slug comes into view.
There is a stone staircase leading down here.
The dart slug launches a dart at you.
The slug dart hits you but does no damage.
The blast of sand hits the dart slug!
You kill the dart slug!
You can't see any susceptible monsters within range! (Use Z to cast anyway.)
There is a stone staircase leading down here.
You climb downwards.
Magic restored.
Found a runed dagger.
There is a stone staircase leading up here.
The blast of sand hits the adder!
You kill the adder!
Your Conjurations skill increases to level 1!
You can't see any susceptible monsters within range! (Use Z to cast anyway.)
An endoplasm comes into view.
You see here an adder corpse.
You can't see any susceptible monsters within range! (Use Z to cast anyway.)
You can't see any susceptible monsters within range! (Use Z to cast anyway.)
The blast of sand hits the endoplasm!
You kill the endoplasm!
You can't see any susceptible monsters within range! (Use Z to cast anyway.)
You can't see any susceptible monsters within range! (Use Z to cast anyway.)
You see here a +2 dagger of holy wrath.
You open the door.
A quokka comes into view.
There is an open door here.
The blast of sand hits the quokka.
The quokka is almost dead.
The blast of sand misses the quokka.
The quokka bites you.
The blast of sand hits the quokka!
You kill the quokka!
Found a club.
A kobold comes into view. It is wielding a +0 club.
The kobold shouts!
The kobold moves out of view.
You open the door.
The blast of sand hits the kobold!
You kill the kobold!
An orc comes into view. It is wielding a +0 whip.
An orc comes into view. It is wielding a +0 dagger.
You can't see any susceptible monsters within range! (Use Z to cast anyway.)
You can't see any susceptible monsters within range! (Use Z to cast anyway.)
The orc shouts! x2
The blast of sand hits the orc!
You kill the orc!
The blast of sand hits the orc!
You kill the orc!
An orc comes into view. It is wielding a +0 club.
You have reached level 4!
The orc shouts!
You can't see any susceptible monsters within range! (Use Z to cast anyway.)
You can't see any susceptible monsters within range! (Use Z to cast anyway.)
The blast of sand hits the orc!
You kill the orc!
Your Earth Magic skill increases to level 5!
You can't see any susceptible monsters within range! (Use Z to cast anyway.)
Found a scroll labelled KOPEOWAXTUOLI.
You open the door.
An ufetubus comes into view.
There is an open door here.
f - a scroll labelled KOPEOWAXTUOLI
There are no items here.
You open the door.
Found a glowing yellow potion.
There is an open door here.
An orc comes into view. It is wielding a +0 flail.
The ufetubus shouts! 2 orcs come into view.
An orc is wielding a +0 whip of holy wrath.
Found a fuming inky potion.
The orc shouts! x2
An orc comes into view. It is wielding a +0 club.
The orc shouts!
You see here a glowing yellow potion.
The blast of sand misses the ufetubus.
The ufetubus hits you. x3
The ufetubus closely misses you.
g - a glowing yellow potion The ufetubus hits you but does no damage.
The ufetubus hits you.
The blast of sand hits the orc!
You kill the orc!
The ufetubus closely misses you. x2; The ufetubus misses you.
The ufetubus hits you. The ufetubus misses you.
The ufetubus hits you but does no damage.
You miscast Sandblast.
You are very lightly contaminated with residual magic.
Nothing appears to happen.
The ufetubus hits you. The ufetubus closely misses you.
The orc hits you with a +0 flail. The orc closely misses you.
The orc attacks as you move away! The orc hits you but does no damage.
The ufetubus misses you.
The ufetubus hits you but does no damage.
The orc attacks as you move away!
The orc hits you with a +0 whip of holy wrath.
The ufetubus misses you. The ufetubus hits you.
* * * LOW HITPOINT WARNING * * *
Casting: Sandblast (safe; 2% risk of failure)
Confirm with . or Enter, or press ? or * to list all spells.
Aiming: Stone Arrow (quite dangerous; 12% risk of failure)
Press: ? - help, Shift-Dir - straight line, p - orc You miscast Stone Arrow.
Nothing appears to happen.
The ufetubus closely misses you. The ufetubus barely misses you.
The orc misses you. The ufetubus closely misses you. The ufetubus hits you.
* * * LOW HITPOINT WARNING * * *
HP warning!
Casting: Stone Arrow (quite dangerous; 12% risk of failure)
Confirm with . or Enter, or press ? or * to list all spells.
Aiming: Stone Arrow (quite dangerous; 12% risk of failure)
Press: ? - help, Shift-Dir - straight line, f - orc
Aim: an orc, wielding a +0 flail and wearing a +0 leather armour (68% to hit)
Okay, then.
The orc attacks as you move away! The orc completely misses you.
The ufetubus attacks as you move away! The ufetubus barely misses you.
The ufetubus hits you.
* * * LOW HITPOINT WARNING * * *
HP warning!
Casting: Stone Arrow (quite dangerous; 12% risk of failure)
Confirm with . or Enter, or press ? or * to list all spells.
Aiming: Stone Arrow (quite dangerous; 12% risk of failure)
Press: ? - help, Shift-Dir - straight line The stone arrow hits the orc!
You kill the orc!
The ufetubus hits you.
You die...

#. ,.....#.......... #..
, , ..! #.......... #..
*### #.#*##..####### ,
##..###.###.####'####.. *
,........................
..........).............
#.###.o##..########....,
, + #####)5##..# ,.##
........@#...# , , .# ,,
.........'...+, , # ,, ,
...#######...# * * .. **
,, #...# , # , ..... ,
....., ,, ,, , .... , * *
###. *


You could see an orc and an ufetubus.

Vanquished Creatures
  2 adders
  A dart slug (D:3)
  5 orcs (D:4)
  A ball python (D:3)
  4 endoplasms
  A goblin (D:2)
  3 kobolds
  2 quokkas
  A frilled lizard (D:2)
  A rat (D:2)
21 creatures vanquished.

Notes
Turn   | Place    | Note
-------+----------+-------------------------------------------
     0 | D:1      | sentinel the Meteoran Earth Elementalist began the quest
                  | for the Orb.
     0 | D:1      | Reached XP level 1. HP: 14/14 MP: 5/5
    32 | D:2      | Found Quatasch's General Store.
    74 | D:2      | Found a shimmering altar of Xom.
    86 | D:2      | Reached skill level 4 in Earth Magic
    86 | D:2      | Reached XP level 2. HP: 20/20 MP: 2/6
   111 | D:2      | HP: 1/20 [endoplasm (3)]
   138 | D:1      | Reached XP level 3. HP: 17/26 MP: 8/8
   149 | D:1      | Learned a level 2 spell: Passwall
   153 | D:1      | Learned a level 3 spell: Stone Arrow
   259 | D:4      | Reached skill level 1 in Conjurations
   283 | D:4      | Reached XP level 4. HP: 33/33 MP: 5/9
   286 | D:4      | Reached skill level 5 in Earth Magic
   319 | D:4      | Slain by an ufetubus

Illustrated notes

Levels and vault maps discovered:
D:1:      erik_arrival_blinker_ship, layout_basic,
          amcnicky_mini_rare_corridor_liquid
D:2:      layout_basic, basic_altar, serial_shops, nicolae_shop_behind_doors,
          shop, nicolae_shop_hallway_stairs, nicolae_shop_advertising_works
          [nicolae_subvault_shop_adworks], nicolae_shop_behind_doors,
          serial_park_tiny_2, uniq_crazy_yiuf_cottage, uniq_robin
D:3:      layout_loops_ring, serial_shops, nicolae_shop_crystal,
          portal_sewer_entry_f, dk_vineyard_2
D:4:      layout_gridville

Skill      XL: |  1  2  3  4 |
---------------+-------------+-----
Earth Magic    | 4 5 |  5.0
Conjurations   | 1 |  1.9
Dodging        | |  2.4
Stealth        | |  1.4
Spellcasting   | |  2.6
Transmutations | |  1.2

Action                   |  1- 3 |  4- 6 || total
-------------------------+-------+-------++-------
Melee: Unarmed           |     1 |       ||     1
 Cast: Sandblast         |    29 |     3 ||    32
       Passwall          |     1 |       ||     1
       Stone Arrow       |       |     1 ||     1
  Use: Potion            |     1 |       ||     1
Armor: Robe              |     6 |     4 ||    10
Dodge: Dodged            |    14 |    15 ||    29
